AoeStats
← 太阳雨

Arena

508900314Analyzed
4v4 RM · 9d ago on Sep 24, 2026· 75m 48s· 8 players
Game mode
Random Map
Map size
Large (8 player)
Population
200
Speed
Normal
Resources
Standard
Victory
Conquest
Starting age
Dark Age
Ending age
Imperial Age
RankedLock teamsTeams togetherTeam positionsShared explorationLock speedFull tech treeHidden civsTurbo modeCheats
Victory
Defeat
🇦🇷 Slavs · Argentina
1129
+15
🇦🇺 Malay · Australia
1057
+18
🇹🇷 Persians · Türkiye
1038
+18
🇦🇷 Goths · Argentina
1024
+18
🇨🇳 Britons · China
1144
-19
🇨🇳 Wei · China
1140
-19
🇨🇳 Turks · China
1131
-19
🇨🇳 Poles · China
962
-12
Pablo
12:31 Feudal Age
16:52 Castle Age
14:44 Double-Bit Axe
14:56 Horse Collar
25:45 Detinets
30:06 Imperial Age
28:30 Scale Barding Armor
29:32 Chain Barding Armor
29:23 Forging
30:27 Wheelbarrow
30:36 Husbandry
30:47 Bloodlines
31:15 Conscription
30:21 Elite Boyar
32:19 Iron Casting
32:35 Plate Barding Armor
32:50 Hand Cart
32:46 Bow Saw
32:37 Heavy Plow
34:59 Blast Furnace
37:24 Gold Mining
38:35 Two-Man Saw
41:35 Crop Rotation
44:01 Stone Mining
52:30 Coinage
56:33 Banking
67:17 Town Watch
Soldier
0:30 Loom
13:28 Feudal Age
14:42 Wheelbarrow
13:49 Horse Collar
13:56 Double-Bit Axe
18:57 Castle Age
20:02 Heavy Plow
20:19 Hand Cart
20:22 Bow Saw
28:28 Caravan
30:53 Stone Mining
30:53 Gold Mining
33:55 Imperial Age
34:07 Town Watch
34:48 Conscription
34:38 Citadels
33:49 Elite War Elephant
35:36 Chemistry
34:32 Murder Holes
37:37 Forging
37:28 Scale Mail Armor
37:33 Scale Barding Armor
37:41 Pikeman
38:22 Squires
38:07 Arson
37:47 Cavalier
38:27 Husbandry
38:38 Bloodlines
39:39 Iron Casting
39:20 Chain Mail Armor
41:20 Savar
46:15 Light Cavalry
46:52 Hussar
50:36 Kamandaran
52:11 Two-Man Saw
51:54 Crop Rotation
51:14 Crossbowman
51:59 Thumb Ring
55:25 Blast Furnace
54:55 Plate Mail Armor
54:45 Chain Barding Armor
54:26 Padded Archer Armor
54:16 Fletching
60:09 Bodkin Arrow
60:30 Leather Archer Armor
60:51 Plate Barding Armor
75:12 Ring Archer Armor
Pem
12:01 Feudal Age
17:26 Castle Age
15:33 Stone Mining
16:00 Double-Bit Axe
16:13 Horse Collar
16:57 Loom
22:51 Bow Saw
23:08 Gold Mining
27:55 Scale Mail Armor
29:41 Anarchy
29:58 Chain Mail Armor
29:54 Forging
30:02 Elite Skirmisher
36:06 Imperial Age
36:02 Wheelbarrow
36:06 Iron Casting
36:39 Heavy Plow
38:01 Blast Furnace
37:23 Conscription
36:24 Elite Huskarl
36:41 Pikeman
37:22 Squires
37:52 Perfusion
37:18 Halberdier
43:02 Hand Cart
43:50 Two-Man Saw
63:21 Crop Rotation
elhijochiquito
6:28 Loom
11:59 Feudal Age
17:15 Castle Age
15:20 Double-Bit Axe
15:23 Horse Collar
15:40 Stone Mining
17:12 Wheelbarrow
26:36 Bow Saw
27:08 Hand Cart
29:49 Imperial Age
27:19 Gold Mining
28:04 Stone Shaft Mining
27:20 Gold Mining
28:02 Treadmill Crane
28:18 Fletching
28:29 Padded Archer Armor
28:42 Forging
28:21 Crossbowman
30:30 Chemistry
29:51 Ballistics
28:54 Pikeman
29:58 Squires
30:45 Conscription
29:52 Capped Ram
30:05 Halberdier
31:14 Murder Holes
31:34 Elite Skirmisher
32:47 Leather Archer Armor
32:28 Bodkin Arrow
33:16 Heavy Plow
34:07 Ring Archer Armor
45:38 Bracer
54:41 Bombard Tower
54:12 Guard Tower
从良
10:42 Feudal Age
15:32 Castle Age
13:48 Horse Collar
14:27 Double-Bit Axe
16:47 Heavy Plow
16:59 Bow Saw
19:48 Loom
21:48 Wheelbarrow
25:00 Stone Mining
25:00 Gold Mining
25:44 Hand Cart
28:39 Gold Mining
31:56 Imperial Age
29:44 Town Watch
30:09 Fletching
30:19 Padded Archer Armor
30:09 Fletching
30:19 Padded Archer Armor
31:21 Yeomen
32:08 Town Patrol
32:13 Bodkin Arrow
32:33 Leather Archer Armor
32:13 Bodkin Arrow
32:34 Leather Archer Armor
32:07 Elite Longbowman
33:57 Two-Man Saw
33:36 Gold Shaft Mining
32:38 Sappers
33:31 Conscription
33:16 Bracer
35:51 Chemistry
36:38 Ring Archer Armor
36:27 Siege Engineers
36:43 Ballistics
36:03 Treadmill Crane
36:20 Murder Holes
36:35 Masonry
36:32 Pikeman
37:13 Squires
36:59 Arson
37:56 Coinage
38:51 Halberdier
39:43 Forging
39:33 Scale Mail Armor
39:44 Forging
39:34 Scale Mail Armor
40:14 Scale Mail Armor
49:37 Hoardings
50:19 Iron Casting
49:59 Chain Mail Armor
50:20 Iron Casting
50:00 Chain Mail Armor
51:39 Caravan
59:47 Plate Mail Armor
60:18 Blast Furnace
58:42 Man-at-Arms
59:08 Gambesons
59:15 Long Swordsman
59:59 Two-Handed Swordsman
61:07 Champion
太阳雨
9:49 Loom
11:58 Feudal Age
12:26 Double-Bit Axe
12:22 Horse Collar
13:33 Wheelbarrow
14:59 Scale Barding Armor
15:08 Forging
20:38 Castle Age
18:43 Stone Mining
20:39 Gold Mining
21:34 Hand Cart
21:21 Heavy Plow
21:33 Bow Saw
23:07 Scale Mail Armor
27:04 Stone Shaft Mining
28:12 Szlachta Privileges
32:17 Imperial Age
32:05 Bloodlines
31:59 Husbandry
31:20 Pikeman
33:43 Crop Rotation
32:54 Cavalier
34:47 Iron Casting
43:57 Chemistry
43:08 Masonry
48:13 Squires
51:42 Light Cavalry
52:51 Chain Barding Armor
53:32 Blast Furnace
54:18 Winged Hussar
仌
9:50 Feudal Age
10:32 Double-Bit Axe
10:56 Horse Collar
15:50 Castle Age
19:36 Heavy Plow
23:20 Wheelbarrow
22:51 Stone Mining
24:43 Bow Saw
25:25 Hand Cart
26:10 Stone Shaft Mining
25:26 Gold Mining
33:04 Imperial Age
30:49 Loom
31:09 Husbandry
31:20 Bloodlines
31:13 Squires
30:34 Pikeman
31:55 Scale Barding Armor
32:00 Forging
31:56 Scale Barding Armor
32:01 Forging
31:56 Scale Barding Armor
32:01 Forging
31:56 Scale Barding Armor
32:01 Forging
31:56 Scale Barding Armor
32:02 Forging
33:27 Gold Shaft Mining
33:50 Chain Barding Armor
34:05 Iron Casting
33:51 Chain Barding Armor
34:06 Iron Casting
33:51 Chain Barding Armor
34:06 Iron Casting
33:51 Chain Barding Armor
33:52 Tuntian
34:40 Crop Rotation
34:06 Heavy Hei Guang Cavalry
38:05 Blast Furnace
36:54 Halberdier
37:16 Elite Tiger Cavalry
45:21 Murder Holes
45:39 Scale Mail Armor
47:30 Chain Mail Armor
46:56 Man-at-Arms
47:46 Fletching
47:56 Padded Archer Armor
47:46 Fletching
47:57 Padded Archer Armor
47:47 Fletching
47:57 Padded Archer Armor
47:47 Fletching
47:57 Padded Archer Armor
49:05 Parthian Tactics
48:46 Thumb Ring
48:50 Bodkin Arrow
49:01 Bodkin Arrow
50:12 Bracer
50:27 Leather Archer Armor
50:12 Bracer
50:27 Leather Archer Armor
50:12 Bracer
50:28 Leather Archer Armor
50:13 Bracer
52:38 Leather Archer Armor
1802390869
3:39 Loom
11:07 Feudal Age
16:03 Castle Age
14:12 Horse Collar
15:37 Double-Bit Axe
17:35 Bow Saw
18:33 Stone Mining
18:53 Fletching
20:17 Padded Archer Armor
27:32 Heavy Plow
28:00 Bodkin Arrow
32:04 Imperial Age
33:16 Conscription
34:16 Wheelbarrow
33:29 Town Watch
36:10 Gold Mining
38:10 Hand Cart
38:46 Leather Archer Armor
39:34 Gold Shaft Mining
43:15 Squires
45:46 Masonry
46:10 Ballistics
46:27 Bloodlines
47:56 Two-Man Saw
47:39 Scale Barding Armor
47:44 Forging
Connection lost

Rejoining the realm…

Still unreachable

The connection could not be restored.

Session expired

The server has moved on; the page needs a fresh start.